 Dungeon Crawl Stone Soup version 0.27-a0-1116-g91b3acb402 (webtiles) character file.

Game seed: 6328069642669925608

42074 dolemite99 the Severer (level 14, -6/132 HPs)
             Began as a Hill Orc Fighter on May 2, 2021.
             Was the Champion of Wu Jian.
             Mangled by a crystal guardian (18 damage)
             ... on level 2 of the Abyss.
             The game lasted 00:20:31 (20650 turns).

dolemite99 the Severer (Hill Orc Fighter)          Turns: 20650, Time: 00:20:31

Health: -6/132     AC: 23    Str: 24    XL:     14   Next: 18%
Magic:  14/14      EV:  8    Int:  8    God:    Wu Jian [******]
Gold:   1043       SH:  0    Dex: 10    Spells: 13/13 levels left

rFire    + . .     SeeInvis +   a - +2 battleaxe (flame)
rCold    + + .     Faith    +   (shield currently unavailable)
rNeg     . . .     Spirit   .   F - +2 chain mail {rF+}
rPois    +         Reflect  .   (no helmet)
rElec    .         Harm     .   e - +2 cloak
rCorr    .         Rampage  .   O - +2 pair of gloves
Will     +....                  i - +2 pair of boots
Stlth    ..........             C - amulet "Hoxe" {Faith *Slow rPois rC++ Slay+6}
HPRegen  0.32/turn              G - ring of see invisible
MPRegen  0.14/turn              (no ring)

@: no status effects
A: no striking features
a: Renounce Religion, Wall Jump, Serpent's Lash, Heavenly Storm


You were on level 2 of the Abyss.
You worshipped Wu Jian.
Wu Jian was exalted by your worship.
You visited 2 branches of the dungeon, and saw 16 of its levels.
You visited the Abyss 1 time.

You collected 1043 gold pieces.

Inventory:

Hand Weapons
 a - a +2 battleaxe of flaming (weapon)
 b - a +2 vorpal shortbow
Missiles
 f - 165 arrows
 n - 496 stones (quivered)
 x - 68 sling bullets
 A - 40 poisoned darts
 H - 8 datura-tipped darts
 K - a throwing net
Armour
 c - a +0 kite shield
 e - a +2 cloak (worn)
 h - a +1 pair of boots
 i - a +2 pair of boots (worn)
 l - a +0 chain mail
 E - a +0 scale mail
 F - a +2 chain mail of fire resistance (worn)
 O - a +2 pair of gloves (worn)
 Z - a +3 chain mail
Jewellery
 s - an amulet of guardian spirit
 u - an amulet of reflection
 C - the amulet "Hoxe" (around neck) {Faith *Slow rPois rC++ Slay+6}
   (You found it on level 9 of the Dungeon)

   [amulet of faith]

   It allows you to gain divine favour quickly.
   It affects your accuracy and damage with ranged weapons and melee attacks
   (+6).
   It greatly protects you from cold.
   It protects you from poison.
   It may slow you when you take damage.
 D - a +6 ring of intelligence
 G - a ring of see invisible (left hand)
 M - a +6 ring of strength
 N - an amulet of regeneration
Wands
 g - a wand of acid (7)
 S - a wand of polymorph (6)
 U - a wand of iceblast (29)
 W - a wand of mindburst (33)
 X - a wand of flame (20)
Scrolls
 d - a scroll of amnesia {unknown}
 j - 3 scrolls of identify {@r1}
 r - 3 scrolls of fog
 y - 3 scrolls of fear
 I - a scroll of vulnerability
 P - a scroll of magic mapping
 Q - a scroll of blinking
 T - 2 scrolls of teleportation
Potions
 k - 7 potions of flight
 m - 5 potions of curing
 o - a potion of brilliance
 p - 4 potions of lignification
 q - a potion of ambrosia
 t - 2 potions of mutation
 v - a potion of invisibility
 z - a potion of attraction {unknown}
 B - a potion of cancellation {unknown}
 J - 2 potions of might
 L - 2 potions of magic {unknown}
 Y - 2 potions of berserk rage
Miscellaneous
 R - a phantom mirror
 V - a phial of floods


   Skills:
 + Level 14.0 Fighting
 - Level 19.5 Axes
 - Level 7.9 Bows
 - Level 9.3 Armour
 - Level 3.2 Shields
 - Level 7.5 Evocations


You had 13 spell levels left.
You didn't know any spells.
Your spell library contained the following spells:

 Spells                   Type           Power      Damage    Failure   Level
 Magic Dart               Conj           0%         1d3       94%         1
 Sting                    Tmut/Pois      0%         1d3       94%         1
 Blink                    Tloc           N/A        N/A       98%         2
 Call Imp                 Summ           0%         N/A       98%         2
 Corpse Rot               Necr/Air       N/A        N/A       98%         2
 Poisonous Vapours        Pois/Air       0%         N/A       98%         2
 Slow                     Hex            0%         N/A       98%         2
 Conjure Flame            Conj/Fire      0%         6-21      100%        3
 Ignite Poison            Fire/Tmut/Pois 0%         N/A       100%        3
 Mephitic Cloud           Conj/Pois/Air  0%         N/A       100%        3
 Stone Arrow              Conj/Erth      0%         3d7       100%        3
 Olgreb's Toxic Radiance  Pois           0%         N/A       100%        4
 Hydra Form               Tmut           0%         N/A       100%        5
 Summon Forest            Summ/Tloc      0%         N/A       100%        5
 Eringya's Noxious Bog    Tmut/Pois      0%         N/A       100%        6
 Summon Hydra             Summ           0%         N/A       100%        7


Dungeon Overview and Level Annotations

Branches:
Dungeon (11/15)            Temple (0/1) D:4            Lair (5/6) D:9
  Swamp (0/4) Lair:4        Snake (0/4) Lair:2
  Slime: Lair:5-6       Orc: D:9-12

Altars:
Ashenzari
Gozag
Nemelex Xobeh
Qazlal
Wu Jian

Portals:
Trove: D:10 (give 2 scrolls of acquirement)

Annotations:
D:4 3 runed translucent doors, Umoon's ghost, weakling TrDe
D:11 1 exclusion
Lair:4 exclusion: 2 oklob plants
Lair:5 Sonja


Message History

You spin and attack the raiju repeatedly.
The raiju barks!
You slice the raiju!! You burn the raiju!
The raiju is almost dead.
You slash the raiju! You burn the raiju.
You kill the raiju!
The Council accepts your kill.
Your Fighting skill increases to level 14!
You feel much better. The crystal guardian hits you.
* * * LOW HITPOINT WARNING * * *
The raiju bursts into living lightning!
The living lightning hits you.
* * * LOW HITPOINT WARNING * * *
The living lightning hits the raiju.
The raiju completely resists.
The raiju blinks!
You feel much better.
The crystal guardian fires a crystalline bolt at you.
The crystal bolt misses you. The raiju bites you!
* * * LOW HITPOINT WARNING * * *
The raiju shocks you!
* * * LOW HITPOINT WARNING * * *
You feel much better. The crystal guardian hits you.
The raiju bites you but does no damage.
You slice the crystal guardian!!
The crystal guardian is heavily damaged.
You slash the raiju! You burn the raiju. The crystal guardian hits you!!
* * * LOW HITPOINT WARNING * * *
You hit the crystal guardian.
The crystal guardian is heavily damaged.
You barely miss the raiju. x2; The crystal guardian hits you!!
* * * LOW HITPOINT WARNING * * *
The raiju bites you but does no damage.
You hit the crystal guardian.
The crystal guardian is heavily damaged.
You slash the raiju! You burn the raiju. You hit the raiju. You burn the raiju.
The raiju bursts into living lightning!
The living lightning hits you!
* * * LOW HITPOINT WARNING * * *
The raiju blinks!
The crystal guardian hits you!!
You die...

# # # .. . #
# ... #.
#.## .###
##...# ...
##..#..##.
(.#.#.###§h#
.(.......#@#
# #
..##.§#8#.#.
#. #.#.....#
#. ####.#.h#
.. #.##... .
. ... ###. #
##.# #. . ##


You could see a crystal guardian and 2 raiju.

Vanquished Creatures
  2 tentacled starspawn (Abyss:2)
  3 hydras
  Erica (Lair:2)
  2 two-headed ogres (D:11)
  3 large abominations (Abyss:2)
  22 elephants
  6 black mambas
  Maurice (D:11)
  A smoke demon (Abyss:2)
  14 cane toads
  An unseen horror (D:11)
  3 rime drakes
  2 kobold demonologists
  6 komodo dragons
  18 blink frogs
  3 raiju (Abyss:2)
  A vampire (D:11)
  A wraith (D:11)
  A wyvern (Lair:4)
  20 yaks
  Eustachio (D:4)
  2 basilisks
  13 vampire mosquitoes
  13 water moccasins
  2 small abominations (Abyss:2)
  An ice beast (D:7)
  3 sky beasts
  2 orc warriors
  2 necrophages
  2 ogres (D:4)
  10 wolves
  A phantom (D:6)
  4 centaurs
  A kobold brigand (D:8)
  14 bullfrogs
  A wyvern zombie (D:9)
  A scorpion (D:4)
  A water moccasin skeleton (D:4)
  16 killer bees
  6 wights
  10 howler monkeys
  An electric eel (Lair:4)
  A bullfrog zombie (D:5)
  3 centaur zombies
  2 lava snakes (D:8)
  3 orc priests
  2 centaur skeletons
  2 hounds
  A gnoll shaman (D:8)
  Crazy Yiuf (D:5)
  2 jellies
  An iron imp (Abyss:2)
  6 orc wizards
  10 hell rats
  A killer bee zombie (D:6)
  A hound skeleton (D:4)
  A howler monkey skeleton (D:7)
  A howler monkey zombie (D:7)
  4 adders
  4 gnolls (D:8)
  2 shadow imps
  An ufetubus (Abyss:2)
  2 worms
  3 dart slugs
  31 orcs
  4 bats
  10 endoplasms
  A giant cockroach (D:3)
  7 hobgoblins
  10 jackals
  6 kobolds
  A quokka (D:3)
  10 ball pythons
  5 frilled lizards
  6 goblins
  9 rats
  2 starspawn tentacles (Abyss:2)
374 creatures vanquished.

Vanquished Creatures (others)
  23 fungi
  27 plants
  3 starspawn tentacles (Abyss:2)
53 creatures vanquished.

Grand Total: 427 creatures vanquished

Notes
Turn   | Place    | Note
-------+----------+-------------------------------------------
     0 | D:1      | dolemite99 the Hill Orc Fighter began the quest for the
                  | Orb.
     0 | D:1      | Reached XP level 1. HP: 19/19 MP: 1/1
   145 | D:1      | Reached skill level 3 in Axes
   293 | D:1      | Reached XP level 2. HP: 26/26 MP: 2/2
   367 | D:1      | Reached skill level 4 in Axes
   649 | D:1      | Reached XP level 3. HP: 31/31 MP: 3/3
   757 | D:1      | Found a faded altar of an unknown god.
   827 | D:1      | Became a worshipper of the Wu Jian Council
   827 | D:1      | Reached * piety under Wu Jian
  1400 | D:2      | Reached skill level 5 in Axes
  2206 | D:3      | Reached XP level 4. HP: 38/39 MP: 4/4
  2346 | D:3      | Found an opulent altar of Gozag.
  2392 | D:3      | Reached ** piety under Wu Jian
  2652 | D:3      | Reached skill level 6 in Axes
  3025 | D:4      | Reached XP level 5. HP: 29/45 MP: 5/5
  3127 | D:4      | Found a staircase to the Ecumenical Temple.
  3223 | D:4      | Noticed an ogre
  3232 | D:4      | Killed an ogre
  3233 | D:4      | Reached skill level 7 in Axes
  3239 | D:4      | Reached skill level 8 in Axes
  3239 | D:4      | Reached XP level 6. HP: 11/51 MP: 6/6
  3535 | D:4      | Found a runed translucent gate.
  3535 | D:4      | Found a runed translucent gate.
  3536 | D:4      | Noticed a shadow
  3537 | D:4      | Found a runed translucent gate.
  3635 | D:4      | Noticed Eustachio
  3651 | D:4      | HP: 1/51 [ogre/+0 giant spiked club (18)]
  3653 | D:4      | Reached skill level 9 in Axes
  3659 | D:4      | HP: 2/76 [Eustachio/+2 falchion of holy wrath (1)]
  3660 | D:4      | Killed Eustachio
  3661 | D:4      | Reached skill level 10 in Axes
  3661 | D:4      | Reached XP level 7. HP: 2/57 MP: 7/7
  4295 | D:4      | Noticed Umoon's ghost (weakling TrDe)
  5122 | D:5      | Entered Level 5 of the Dungeon
  5205 | D:5      | Reached skill level 11 in Axes
  5478 | D:5      | Reached XP level 8. HP: 55/64 MP: 8/8
  5537 | D:5      | Found a runed translucent door.
  5538 | D:5      | Noticed Crazy Yiuf
  5547 | D:5      | Killed Crazy Yiuf
  6269 | D:6      | Reached skill level 12 in Axes
  6419 | D:6      | Reached *** piety under Wu Jian
  6706 | D:6      | Found a stormy altar of Qazlal.
  6733 | D:6      | Reached skill level 13 in Axes
  7582 | D:7      | Found a sparkling altar of Nemelex Xobeh.
  7672 | D:7      | Reached XP level 9. HP: 57/70 MP: 9/9
  8114 | D:7      | Reached skill level 1 in Evocations
  8921 | D:8      | Reached skill level 5 in Fighting
  8946 | D:8      | Reached **** piety under Wu Jian
  9168 | D:8      | Reached skill level 5 in Armour
 10081 | D:9      | Identified the amulet "Hoxe" {Faith *Slow rPois rC++
                  | Slay+6}
 10504 | D:9      | Reached XP level 10. HP: 76/83 MP: 10/10
 10514 | D:9      | Reached skill level 5 in Bows
 10781 | D:9      | Found a staircase to the Lair.
 11149 | D:10     | Entered Level 10 of the Dungeon
 11199 | D:10     | Found a portal to a secret trove of treasure.
 11517 | D:10     | Noticed a kobold demonologist
 11523 | D:10     | Noticed an orange demon
 11526 | D:10     | Killed a kobold demonologist
 11761 | D:10     | Found a broken altar of Ashenzari.
 11996 | D:11     | Noticed a kobold demonologist
 12011 | D:11     | Killed a kobold demonologist
 12223 | D:11     | Noticed a two-headed ogre
 12230 | D:11     | Killed a two-headed ogre
 12231 | D:11     | Reached XP level 11. HP: 95/95 MP: 11/11
 12497 | D:11     | Noticed Maurice
 12503 | D:11     | Killed Maurice
 12505 | D:11     | Noticed a two-headed ogre
 12508 | D:11     | Killed a two-headed ogre
 12641 | Lair:1   | Entered Level 1 of the Lair of Beasts
 12650 | Lair:1   | Reached ***** piety under Wu Jian
 12852 | Lair:1   | Reached skill level 10 in Fighting
 13166 | Lair:1   | Reached skill level 14 in Axes
 13848 | Lair:2   | Reached skill level 15 in Axes
 14211 | Lair:2   | Reached XP level 12. HP: 74/106 MP: 12/12
 14214 | Lair:2   | Found a staircase to the Snake Pit.
 15150 | Lair:2   | Noticed Erica
 15151 | Lair:2   | Noticed a seven-headed hydra
 15156 | Lair:2   | Killed Erica
 15156 | Lair:2   | Killed a seven-headed hydra
 15157 | Lair:2   | Reached skill level 5 in Evocations
 16705 | Lair:3   | Noticed a seven-headed hydra
 16721 | Lair:3   | Killed a seven-headed hydra
 16983 | Lair:3   | Reached skill level 16 in Axes
 17698 | Lair:4   | Reached skill level 17 in Axes
 18285 | Lair:4   | Reached XP level 13. HP: 105/113 MP: 13/13
 18535 | Lair:4   | Reached skill level 18 in Axes
 19153 | Lair:4   | Found a staircase to the Swamp.
 19468 | Lair:5   | Reached skill level 19 in Axes
 19930 | Lair:5   | Reached ****** piety under Wu Jian
 20178 | Lair:5   | Found a dark tunnel.
 20336 | Lair:5   | Noticed Sonja
 20338 | Lair:5   | Cast into level 2 of the Abyss (Sonja)
 20390 | Abyss:2  | Noticed a tentacled starspawn
 20396 | Abyss:2  | Killed a tentacled starspawn
 20397 | Abyss:2  | Reached XP level 14. HP: 91/127 MP: 14/14
 20623 | Abyss:2  | Noticed a tentacled starspawn
 20632 | Abyss:2  | Killed a tentacled starspawn
 20650 | Abyss:2  | Mangled by a crystal guardian

Illustrated notes

Levels and vault maps discovered:
D:1:      sevenhm_arrival_forest_fort_large_2, layout_basic,
          shapermc_ecumenical_altar_notcrosses, minmay_tromino_v7
D:2:      layout_basic, minivault_24
D:3:      layout_loops_ring, nicolae_gozag_cash_rules_everything_around_me,
          minmay_pentomino_pile
D:4:      layout_loops_ring, minmay_temple_entry_mist, gammafunk_ghost_split,
          minmay_increasing_density, uniq_eustachio
D:5:      layout_rooms, corexii_corridor_pit, uniq_crazy_yiuf_cottage
D:6:      layout_cave_pools, nicolae_overflow_crystal_walls
D:7:      layout_loops_ring, general_overflow_altar
D:8:      layout_rooms, minmay_misc_feat_iff, kennysheep_generic_room_16
D:9:      layout_basic, dpeg_oklobed_lair
D:10:     layout_irregular_city, old_standard_altar,
          nicolae_trove_entry_isolated
D:11:     layout_basic, uniq_maurice
Lair:1:   layout_concentric_octagons
Lair:2:   layout_regular_city, minmay_snake_entry_six_corridors,
          grunt_megastairs_5, uniq_erica
Lair:3:   layout_loops_ring, st_stairs_8, grunt_megastairs_1
Lair:4:   layout_regular_city, minmay_swamp_entry_swarm, serial_bayou_shore_b,
          infiniplex_staircase_pool, grunt_megastairs_2,
          minmay_lair_oklob_chamber
Lair:5:   layout_loops_ring, nicolae_volcano_entry_two_sided,
          cheibrodos_lair_caveside_slide, grunt_megastairs_3, uniq_sonja
Abyss:2:  base: Gauntlet, hangedman_decor_points

Skill      XL: |  1  2  3  4  5  6  7  8  9 10 11 12 13 14 |
---------------+-------------------------------------------+-----
Axes           | 3 4 5 6 8 10 11 13 15 17 19 | 19.5
Bows           | 2 4 6 7 |  7.9
Evocations     | 1 2 7 |  7.5
Fighting       | 6 8 10 12 14 | 14.0
Armour         | 5 8 9 |  9.3
Shields        | |  3.2

Action                   |  1- 3 |  4- 6 |  7- 9 | 10-12 | 13-15 || total
-------------------------+-------+-------+-------+-------+-------++-------
Melee: War axe           |   121 |   119 |   225 |    51 |       ||   516
       Shortbow          |       |       |     1 |     2 |       ||     3
       Battleaxe         |       |       |       |    56 |   160 ||   216
 Fire: Shortbow          |       |       |   144 |   418 |   118 ||   680
Throw: Stone             |    22 |    26 |     3 |     9 |    12 ||    72
Invok: Whirlwind         |     3 |     4 |     8 |     8 |    16 ||    39
       Lunge             |       |     2 |     2 |       |     4 ||     8
Evoke: Wand              |       |       |     4 |     5 |       ||     9
  Use: Potion            |       |     3 |     1 |       |     3 ||     7
       Scroll            |       |       |    21 |     6 |     1 ||    28
Armor: Scale mail        |    22 |       |       |       |       ||    22
       Chain mail        |    42 |    46 |   185 |   237 |   150 ||   660
Dodge: Dodged            |    28 |    13 |    87 |   119 |    77 ||   324
Block: Kite shield       |    57 |    76 |   145 |       |       ||   278
       Reflection        |       |       |     2 |       |       ||     2
       Other             |       |       |    28 |       |       ||    28

Table legend: (Time is in decaauts)
 A = Elapsed time spent in this place.
 B = Non-inter-level travel time spent in this place.
 C = Inter-level travel time spent in this place.
 D = Time resting spent in this place.
 E = Time spent auto-exploring this place.
 F = Levels seen in this place.
 G = Mean time per level.
                   A        B        C        D        E       F      G
               +--------+--------+--------+--------+--------+-----+--------+
         Total |  20698 |  20305 |    393 |   6373 |  10611 |  17 | 1217.5 |
       Dungeon |  12784 |  12498 |    286 |   3817 |   6430 |  11 | 1162.2 |
          Lair |   7613 |   7506 |    107 |   2434 |   4181 |   5 | 1522.6 |
         Abyss |    300 |    300 |      0 |    120 |      0 |   1 |  300.0 |
               +--------+--------+--------+--------+--------+-----+--------+

Top non-repeatable levels by time:
  Lair:2: 2695 daAuts
     D:4: 2148 daAuts
  Lair:4: 1839 daAuts
     D:7: 1411 daAuts
     D:8: 1398 daAuts
  Lair:1: 1167 daAuts
     D:6: 1139 daAuts
     D:1: 1137 daAuts
     D:9: 1102 daAuts
     D:2: 1096 daAuts
  Lair:3: 1015 daAuts
     D:5: 989 daAuts
  Lair:5: 894 daAuts
     D:3: 880 daAuts
    D:10: 778 daAuts
